 Dungeon Crawl Stone Soup version 0.23.2-40-g277498a001 (webtiles) character file.

Game seed: 16415207388929366106

6522 CitizenNev the Fighter (level 10, -1/97 HPs)
             Began as a Minotaur Fighter on Aug 21, 2019.
             Was a Priest of Okawaru.
             Killed from afar by a hell hog (42 damage)
             ... with a fireball
             ... on level 2 of the Abyss.
             The game lasted 00:21:20 (8485 turns).

CitizenNev the Fighter (Minotaur Fighter)           Turns: 8485, Time: 00:21:21

Health: -1/97      AC: 19    Str: 27    XL:     10   Next: 69%
Magic:  9/9        EV:  8    Int:  5    God:    Okawaru [***...]
Gold:   604        SH: 10    Dex: 10    Spells: 9/9 levels left

rFire    . . .     SeeInvis +   A - +3 flail
rCold    . . .     Gourm    .   c - +0 shield
rNeg     . . .     Faith    .   w - +0 plate armour
rPois    .         Spirit   .   (helmet restricted)
rElec    .         Reflect  .   (no cloak)
rCorr    .         Harm     .   h - +1 pair of gloves
MR       .....                  x - +2 pair of boots
Stlth    ..........             p - amulet of rage
HPRegen  0.26/turn              l - +3 ring of strength
MPRegen  0.11/turn              u - ring of see invisible

@: no status effects
A: retaliatory headbutt, horns 2
a: Heroism, Renounce Religion, Evoke Berserk Rage


You were on level 2 of the Abyss.
You worshipped Okawaru.
Okawaru was most pleased with you.
You were not hungry.

You visited 2 branches of the dungeon, and saw 11 of its levels.
You visited the Abyss 1 time.

You collected 604 gold pieces.

Inventory:

Hand Weapons
 A - a +3 flail (weapon)
Armour
 c - a +0 shield (worn)
 h - a +1 pair of gloves (worn)
 w - a +0 plate armour (worn)
 x - a +2 pair of boots (worn)
Jewellery
 l - a +3 ring of strength (left hand)
 n - a +1 ring of evasion {unknown}
 p - an amulet of rage (around neck)
 u - a ring of see invisible (right hand)
Wands
 y - a wand of enslavement (8)
Scrolls
 b - 4 scrolls of amnesia
 i - 8 scrolls of teleportation
 k - 5 scrolls of remove curse
 m - 6 scrolls of identify
 q - 2 scrolls of fog
 r - a scroll of enchant armour
 t - 4 scrolls of enchant weapon {unknown}
 v - a scroll of vulnerability {unknown}
 z - a scroll of fear {unknown}
Potions
 a - a potion of agility {unknown}
 d - a potion of might
 e - 6 potions of curing
 g - 2 potions of heal wounds
 j - a potion of flight
 o - 2 potions of cancellation
 s - a potion of brilliance
Comestibles
 f - 18 rations


   Skills:
 - Level 12.3 Fighting
 - Level 10.2 Maces & Flails
 * Level 8.7 Armour
 - Level 7.1 Dodging
 - Level 5.1 Shields


You had 9 spell levels left.
You didn't know any spells.
Your spell library contained the following spells:

 Spells                   Type           Power        Failure   Level  Hunger
 Corona                   Hex            #......      100%        1    ##.....
 Sting                    Conj/Pois      #...         100%        1    ##.....
 Ensorcelled Hibernation  Hex/Ice        #.....       100%        2    ###....
 Poisonous Vapours        Pois/Air       #.....       100%        2    ###....
 Confuse                  Hex            #.......     100%        3    ####...
 Dazzling Spray           Conj/Hex       #.....       100%        3    ####...
 Mephitic Cloud           Conj/Pois/Air  #.......     100%        3    ####...
 Tukima's Dance           Hex            #.......     100%        3    ####...
 Olgreb's Toxic Radiance  Pois           #.......     100%        4    #####..
 Venom Bolt               Conj/Pois      #.........   100%        5    ######.


Dungeon Overview and Level Annotations

Branches:
Dungeon (10/15)            Temple (1/1) D:7
   Lair: D:8-11         Orc: D:9-12

Altars:
Ashenzari
Cheibriados
Dithmenos
Elyvilon
Fedhas
Gozag
Hepliaklqana
Kikubaaqudgha
Makhleb
Nemelex Xobeh
Okawaru
Qazlal
Ru
Sif Muna
Trog
Uskayaw
Vehumet
Wu Jian
Xom
Yredelemnul
Zin
The Shining One

Shops:
D:9 *

Annotations:
D:8 2 transporters, Amplified's ghost, novice HOMo
D:10 Sonja


Innate Abilities, Weirdness & Mutations

You reflexively headbutt those who attack you in melee.
You have a pair of horns on your head.


Message History

The large abomination hits you!!
You are suddenly pulled into a different region of the Abyss!
You start resting. 2 fire bats come into view.
The fire bat moves out of view. x2
Found a robe.
A fire bat comes into view.
A fire bat is nearby!
A hell hog comes into view.
The hell hog squeals angrily.
You hear an angry squeal.
You block the fire bat's attack. x2
A hell hog comes into view.
The hell hog squeals angrily.
A fire bat comes into view.
The fire bat bites you but does no damage.
A hell hog comes into view.
You block the fire bat's attack. The hell hog breathes fire at you.
The fireball explodes!
The fireball engulfs you!!!
You die...

...# .... .
..#..# # ##
..... .###
#..##..###
#...#.
#......#@##...#
.
....#h..#b.###.#
. #.....#....#..
#h.##.....[...#
....#b...#..#...
#.b###........
#..#..#.##..###.
#.#....#.#.....
# ##b# .#....#.#


You could see 2 hell hogs and 3 fire bats.

Vanquished Creatures
  A two-headed ogre (D:8)
  Pikel (D:4)
  A centaur skeleton (D:10)
  A slime creature (D:6)
  2 hippogriffs
  Menkaure (D:6)
  2 hungry ghosts (D:8)
  2 insubstantial wisps (D:7)
  4 orc warriors
  A necrophage (D:8)
  5 sky beasts
  2 ice beasts
  4 ogres
  2 centaurs
  3 bullfrogs
  3 scorpions
  A wyvern skeleton (D:9)
  7 killer bees (D:8)
  3 wights (D:9)
  3 crimson imps
  3 howler monkeys (D:8)
  3 bullfrog zombies
  7 hounds
  A bullfrog skeleton (D:7)
  5 jellies (D:6)
  7 orc priests
  8 orc wizards
  An iguana (D:5)
  3 worker ants
  A killer bee zombie (D:10)
  A hound skeleton (D:6)
  11 adders
  4 gnolls (D:2)
  11 oozes
  An adder skeleton (D:4)
  A worm (D:6)
  A dart slug (D:2)
  5 leopard geckos
  25 orcs
  2 ball pythons
  9 bats
  5 giant cockroaches
  11 goblins
  11 hobgoblins
  20 jackals
  7 quokkas
  4 frilled lizards
  A jackal skeleton (D:5)
  2 kobolds (D:3)
  A quokka skeleton (D:8)
  A quokka zombie (D:6)
  8 rats
  A fungus (D:6)
231 creatures vanquished.

Vanquished Creatures (others)
  A steam dragon (D:7)
  8 fungi (D:6)
9 creatures vanquished.

Grand Total: 240 creatures vanquished

Notes
Turn   | Place    | Note
-------+----------+-------------------------------------------
     0 | D:1      | CitizenNev the Minotaur Fighter began the quest for the
                  | Orb.
     0 | D:1      | Reached XP level 1. HP: 19/19 MP: 0/0
   133 | D:1      | Reached XP level 2. HP: 23/26 MP: 1/1
   654 | D:2      | Reached XP level 3. HP: 24/31 MP: 2/2
   893 | D:2      | Reached skill level 5 in Maces & Flails
  1059 | D:2      | Reached XP level 4. HP: 39/39 MP: 3/3
  1288 | D:2      | Reached XP level 5. HP: 35/46 MP: 4/4
  1301 | D:2      | Reached skill level 4 in Fighting
  1840 | D:3      | Found a faded altar of an unknown god.
  2007 | D:4      | Noticed Pikel
  2007 | D:4      | Noticed a slave
  2007 | D:4      | Noticed a slave
  2007 | D:4      | Noticed a slave
  2007 | D:4      | Noticed a slave
  2030 | D:4      | Killed Pikel
  2030 | D:4      | Reached skill level 8 in Fighting
  2030 | D:4      | Reached XP level 6. HP: 36/62 MP: 5/5
  2030 | D:4      | Reached XP level 7. HP: 40/69 MP: 6/6
  2863 | D:5      | Entered Level 5 of the Dungeon
  2875 | D:5      | Found a blossoming altar of Fedhas.
  2886 | D:5      | Reached skill level 5 in Armour
  2935 | D:5      | Found a glowing silver altar of Zin.
  2936 | D:5      | Found a shattered altar of Ashenzari.
  2937 | D:5      | Found a sparkling altar of Nemelex Xobeh.
  3403 | D:5      | Reached skill level 5 in Shields
  3442 | D:6      | Reached XP level 8. HP: 55/75 MP: 7/7
  3547 | D:6      | Noticed Menkaure
  3560 | D:6      | Killed Menkaure
  4077 | D:6      | Reached skill level 5 in Dodging
  4396 | D:6      | Noticed a slime creature
  4424 | D:6      | Killed a slime creature
  4878 | D:6      | Reached XP level 9. HP: 68/82 MP: 8/8
  4944 | D:7      | Found a staircase to the Ecumenical Temple.
  5114 | Temple   | Entered the Ecumenical Temple
  5272 | Temple   | Became a worshipper of Warmaster Okawaru
  5802 | D:7      | Reached skill level 10 in Maces & Flails
  6412 | D:8      | Noticed a two-headed ogre
  6420 | D:8      | Killed a two-headed ogre
  6420 | D:8      | Reached * piety under Okawaru
  6420 | D:8      | Reached skill level 10 in Fighting
  6444 | D:8      | Reached ** piety under Okawaru
  6459 | D:8      | Reached XP level 10. HP: 69/94 MP: 9/9
  6599 | D:8      | Reached skill level 11 in Fighting
  6819 | D:8      | Found a hazy altar of Hepliaklqana.
  6822 | D:8      | Found a hide-covered altar of Uskayaw.
  6825 | D:8      | Found a snail-covered altar of Cheibriados.
  6951 | D:8      | Reached skill level 12 in Fighting
  7058 | D:8      | Found a transporter.
  7059 | D:8      | Identified the +3 great mace "Imiucve" {antimagic, rN+
                  | Str+3 Int+3}
  7059 | D:8      | Identified the +12 dire flail of the Eggplant {freeze, MR+
                  | Stlth+}
  7059 | D:8      | Noticed a two-headed ogre
  7084 | D:8      | Noticed Amplified's ghost (novice HOMo)
  7096 | D:8      | Found a transporter.
  7166 | D:8      | Found an ornate altar of the Wu Jian Council.
  7313 | D:9      | Reached *** piety under Okawaru
  7485 | D:9      | Found a burning altar of Makhleb.
  7520 | D:9      | Found Caam's General Store.
  7854 | D:10     | Entered Level 10 of the Dungeon
  8369 | D:10     | Noticed Sonja
  8388 | D:10     | Cast into level 2 of the Abyss (Sonja)
  8388 | Abyss:2  | Found a corrupted altar of Lugonu.
  8483 | Abyss:2  | Noticed a hell hog
  8485 | Abyss:2  | Noticed a hell hog
  8485 | Abyss:2  | Noticed a hell hog
  8485 | Abyss:2  | Killed from afar by a hell hog

Skill      XL: |  1  2  3  4  5  6  7  8  9 10 |
---------------+-------------------------------+-----
Maces & Flails | 3 4 5 6 7 10 | 10.2
Fighting       | 8 10 12 | 12.3
Armour         | 5 8 |  8.7
Shields        | 5 |  5.1
Dodging        | 2 7 |  7.1

Action                   |  1- 3 |  4- 6 |  7- 9 | 10-12 || total
-------------------------+-------+-------+-------+-------++-------
Melee: Flail             |    71 |     5 |       |    85 ||   161
       Headbutt          |     6 |    23 |    65 |    41 ||   135
       Mace              |       |   129 |     7 |       ||   136
       Whip              |       |       |   386 |   137 ||   523
  Use: Scroll            |       |     7 |     5 |     1 ||    13
       Potion            |       |     1 |     1 |     3 ||     5
  Eat: Chunk             |       |     3 |    11 |     7 ||    21
       Ration            |       |       |     2 |       ||     2
Armor: Scale mail        |    49 |    68 |     4 |       ||   121
       Chain mail        |       |       |    29 |       ||    29
       Plate armour      |       |       |   112 |    90 ||   202
Dodge: Dodged            |    27 |    43 |    63 |    66 ||   199
Block: Shield            |    38 |    73 |   122 |   100 ||   333
